BSA
ST. LOUIS BROWNS @ SAN FRANCISCO BANDITS
09/14/2030
 
TOP OF THE 1ST
St. Louis Browns batting - Pitching for San Francisco Bandits : RHP Mitsunari Taguchi
Pitching: RHP Mitsunari Taguchi
Batting: RHB Pepe Carrasco 0-0: Ball
1-0: Called Strike
1-1: Swinging Strike
1-2: Foul Ball, location: 2F
1-2: Ball
2-2: Foul Ball, location: 2F
2-2: Hit by Pitch
Batting: LHB Robin Hill 0-0: Fly out, F8 (Flyball, 8LS)
Batting: LHB Norberto Muńóz 0-0: SINGLE (Line Drive, 6MD)
Pepe Carrasco to second
Batting: LHB Junior Coates 0-0: Ball
1-0: Foul Ball, location: 2F
1-1: Ball
2-1: Ball
3-1: Base on Balls
Pepe Carrasco to third
Norberto Muńóz to second
Batting: LHB Juan Vásquez 0-0: Fielders Choice at 2nd, 4-6 (Groundball, 4)
Pepe Carrasco scores
Norberto Muńóz to third
Batting: RHB Jeff Jones 0-0: Called Strike
0-1: Ball
1-1: Ball
2-1: Fly out, F8 (Flyball, 78D)
Top of the 1st over - 1 run, 1 hit, 0 errors, 2 left on base; St. Louis 1 - San Francisco 0
BOTTOM OF THE 1ST
San Francisco Bandits batting - Pitching for St. Louis Browns : LHP Jeff Sandusky
Pitching: LHP Jeff Sandusky
Batting: RHB Scott Merritt 0-0: Fly out, F8 (Flyball, 8RD)
Batting: RHB Peter Bishop 0-0: SINGLE (Groundball, 34D)
Batting: LHB Chris Austin 0-0: Called Strike
0-1: Ball
1-1: Called Strike
1-2: Ball
2-2: Ball
3-2: Ground out 6-3 (Groundball, 6)
Peter Bishop to second
Batting: RHB Owen Carter 0-0: Foul Ball, location: 2F
0-1: Called Strike
0-2: Strikes out swinging
Bottom of the 1st over - 0 runs, 1 hit, 0 errors, 1 left on base; St. Louis 1 - San Francisco 0
TOP OF THE 2ND
St. Louis Browns batting - Pitching for San Francisco Bandits : RHP Mitsunari Taguchi
Batting: RHB Felipe Rodríguez 0-0: SINGLE (Groundball, 56D)
Batting: LHB Dave Watson 0-0: Ball
1-0: Foul Ball, location: 2F
1-1: Ball
2-1: Ball
3-1: Swinging Strike
3-2: Foul Ball, location: 2F
3-2: SINGLE (Groundball, 13S) (infield hit)
Felipe Rodríguez to second
Batting: RHB Domingo Romero 0-0: Called Strike
0-1: Grounds into double play, 6-4-3 (Groundball, 56)
Felipe Rodríguez to third
Batting: RHB Pepe Carrasco 0-0: Ball
1-0: Ball
2-0: Ball
3-0: Base on Balls
Batting: LHB Robin Hill 0-0: Ball
1-0: Called Strike
1-1: Ball
2-1: Ball
3-1: SINGLE (Line Drive, 6MD)
Felipe Rodríguez scores
Pepe Carrasco to second
Batting: LHB Norberto Muńóz 0-0: Ground out 4-3 (Groundball, 34)
Top of the 2nd over - 1 run, 3 hits, 0 errors, 2 left on base; St. Louis 2 - San Francisco 0
BOTTOM OF THE 2ND
San Francisco Bandits batting - Pitching for St. Louis Browns : LHP Jeff Sandusky
Batting: SHB Terry Dailey 0-0: Called Strike
0-1: Ball
1-1: Called Strike
1-2: Ball
2-2: Ball
3-2: Base on Balls
Batting: RHB Michael Elliott 0-0: Called Strike
0-1: Ball
1-1: Ball
2-1: Called Strike
2-2: Ball
3-2: Foul Ball, location: 2F
3-2: Strikes out looking
Batting: LHB Alan McGilroy 0-0: Ball
1-0: Ball
2-0: Ball
3-0: Called Strike
3-1: Foul Ball, location: 2F
3-2: Strikes out swinging
Terry Dailey is caught stealing 2nd base
Batter strikes out.
Bottom of the 2nd over - 0 runs, 0 hits, 0 errors, 0 left on base; St. Louis 2 - San Francisco 0
TOP OF THE 3RD
St. Louis Browns batting - Pitching for San Francisco Bandits : RHP Mitsunari Taguchi
Batting: LHB Junior Coates 0-0: Foul Ball, location: 2F
0-1: Foul Ball, location: 2F
0-2: Ball
1-2: Fly out, F9 (Flyball, 9LS)
Batting: LHB Juan Vásquez 0-0: Foul Ball, location: 2F
0-1: Swinging Strike
0-2: Strikes out swinging
Batting: RHB Jeff Jones 0-0: Ball
1-0: Ball
2-0: Ground out 1-3 (Groundball, 13)
Top of the 3rd over - 0 runs, 0 hits, 0 errors, 0 left on base; St. Louis 2 - San Francisco 0
BOTTOM OF THE 3RD
San Francisco Bandits batting - Pitching for St. Louis Browns : LHP Jeff Sandusky
Batting: RHB Millard Stark 0-0: Called Strike
0-1: Called Strike
0-2: Ball
1-2: Foul Ball, location: 2F
1-2: Ball
2-2: Ball
3-2: SINGLE (Line Drive, 56D)
Batting: RHB Lorenzo Mota 0-0: Swinging Strike
0-1: Ball
1-1: Called Strike
1-2: Foul Ball, location: 2F
1-2: Foul Ball, location: 2F
1-2: Foul Ball, location: 2F
1-2: Ball
2-2: Strikes out swinging
Batting: RHB Scott Merritt 0-0: Fielders Choice at 2nd, 3-6 (Groundball, 34)
Batting: RHB Peter Bishop 0-0: Ball
1-0: Ball
2-0: Foul Ball, location: 2F
2-1: Foul Ball, location: 2F
2-2: Strikes out looking
Bottom of the 3rd over - 0 runs, 1 hit, 0 errors, 1 left on base; St. Louis 2 - San Francisco 0
TOP OF THE 4TH
St. Louis Browns batting - Pitching for San Francisco Bandits : RHP Mitsunari Taguchi
Batting: RHB Felipe Rodríguez 0-0: Called Strike
0-1: Ground out 6-3 (Groundball, 6S)
Batting: LHB Dave Watson 0-0: Fly out, F6 (Flyball, 4MD)
Batting: RHB Domingo Romero 0-0: Called Strike
0-1: Ground out 6-3 (Groundball, 6)
Top of the 4th over - 0 runs, 0 hits, 0 errors, 0 left on base; St. Louis 2 - San Francisco 0
BOTTOM OF THE 4TH
San Francisco Bandits batting - Pitching for St. Louis Browns : LHP Jeff Sandusky
Batting: LHB Chris Austin 0-0: Foul Ball, location: 2F
0-1: Ball
1-1: Ground out 4-3 (Groundball, 4)
Batting: RHB Owen Carter 0-0: Swinging Strike
0-1: Foul Ball, location: 2F
0-2: Ball
1-2: Fly out, F3 (Flyball, 34D)
Batting: SHB Terry Dailey 0-0: Called Strike
0-1: Fly out, F6 (Popup, 6)
Bottom of the 4th over - 0 runs, 0 hits, 0 errors, 0 left on base; St. Louis 2 - San Francisco 0
TOP OF THE 5TH
St. Louis Browns batting - Pitching for San Francisco Bandits : RHP Mitsunari Taguchi
Batting: RHB Pepe Carrasco 0-0: Foul Ball, location: 2F
0-1: Swinging Strike
0-2: Strikes out swinging
Batting: LHB Robin Hill 0-0: Ball
1-0: Ground out U3 (Groundball, 3L)
Batting: LHB Norberto Muńóz 0-0: Ball
1-0: Ground out 4-3 (Groundball, 4)
Top of the 5th over - 0 runs, 0 hits, 0 errors, 0 left on base; St. Louis 2 - San Francisco 0
BOTTOM OF THE 5TH
San Francisco Bandits batting - Pitching for St. Louis Browns : LHP Jeff Sandusky
Batting: RHB Michael Elliott 0-0: Called Strike
0-1: Reached on error, E6 (Groundball, 6)
Batting: LHB Alan McGilroy 0-0: Ball
1-0: 2-RUN HOME RUN (Flyball, 9LD), Distance : 313 ft
Batting: RHB Millard Stark 0-0: Foul Ball, location: 2F
0-1: SINGLE (Line Drive, 34)
Batting: RHB Lorenzo Mota 0-0: Called Strike
0-1: Fly out, F4 (Line Drive, 4)
Batting: RHB Scott Merritt 0-0: Called Strike
0-1: Ground out U3 (Groundball, 34)
Millard Stark to second
Batting: RHB Peter Bishop 0-0: Foul Ball, location: 2F
0-1: Ball
1-1: SINGLE (Groundball, 56D)
Millard Stark to third
Runner from 3rd tries for Home, SAFE, throw made home
Peter Bishop to second
Batting: LHB Chris Austin 0-0: Ball
1-0: Fly out, F7 (Flyball, 78D)
Bottom of the 5th over - 3 runs, 3 hits, 1 error, 1 left on base; St. Louis 2 - San Francisco 3
TOP OF THE 6TH
St. Louis Browns batting - Pitching for San Francisco Bandits : RHP Mitsunari Taguchi
Batting: LHB Junior Coates 0-0: Called Strike
0-1: Called Strike
0-2: Foul Ball, location: 2F
0-2: Ball
1-2: Foul Ball, location: 2F
1-2: Ground out 6-3 (Groundball, 6)
Batting: LHB Juan Vásquez 0-0: Ball
1-0: Called Strike
1-1: SINGLE (Groundball, 3D)
Batting: RHB Jeff Jones 0-0: Swinging Strike
0-1: Called Strike
0-2: Foul Ball, location: 2F
0-2: Ball
1-2: SINGLE (Groundball, 4D)
Juan Vásquez to second
Runner from 2nd tries for 3rd, OUT!
Jeff Jones to second
Pitching: RHP Brad Sharpe
Batting: RHB Felipe Rodríguez 0-0: Ball
1-0: Called Strike
1-1: Called Strike
1-2: Fly out, F8 (Flyball, 78D)
Top of the 6th over - 0 runs, 2 hits, 0 errors, 1 left on base; St. Louis 2 - San Francisco 3
BOTTOM OF THE 6TH
San Francisco Bandits batting - Pitching for St. Louis Browns : LHP Jeff Sandusky
Batting: RHB Owen Carter 0-0: Fly out, F5 (Line Drive, 5)
Batting: SHB Terry Dailey 0-0: Ball
1-0: Swinging Strike
1-1: Ball
2-1: Called Strike
2-2: SINGLE (Groundball, 34D)
Batting: RHB Michael Elliott 0-0: Ball
1-0: Fly out, F6 (Line Drive, 6)
Batting: LHB Alan McGilroy 0-0: Called Strike
0-1: Ball
1-1: Ball
2-1: Ball
3-1: Fly out, F7 (Flyball, 78S)
Bottom of the 6th over - 0 runs, 1 hit, 0 errors, 1 left on base; St. Louis 2 - San Francisco 3
TOP OF THE 7TH
St. Louis Browns batting - Pitching for San Francisco Bandits : RHP Brad Sharpe
Pitching: RHP António Ramos
Batting: LHB Dave Watson 0-0: Swinging Strike
0-1: Ball
1-1: Ground out U3 (Groundball, 34)
Batting: RHB Domingo Romero 0-0: Ball
1-0: Ball
2-0: Called Strike
2-1: Foul Ball, location: 2F
2-2: Ball
3-2: Fly out, F7 (Flyball, 78S)
Batting: RHB Pepe Carrasco 0-0: Ball
1-0: Called Strike
1-1: Foul Ball, location: 2F
1-2: DOUBLE (Flyball, 89D)
Batting: LHB Robin Hill 0-0: Ball
1-0: Ball
2-0: Ball
3-0: Called Strike
3-1: Ground out 3-1 (Groundball, 34)
Top of the 7th over - 0 runs, 1 hit, 0 errors, 1 left on base; St. Louis 2 - San Francisco 3
BOTTOM OF THE 7TH
San Francisco Bandits batting - Pitching for St. Louis Browns : LHP Jeff Sandusky
Batting: RHB Millard Stark 0-0: Called Strike
0-1: Swinging Strike
0-2: Ground out 6-3 (Groundball, 6)
Batting: RHB Lorenzo Mota 0-0: Ball
1-0: SINGLE (Groundball, 6MS) (infield hit)
Batting: RHB Scott Merritt 0-0: Fly out, F7 (Line Drive, 7D)
Batting: RHB Peter Bishop 0-0: Ball
1-0: Called Strike
1-1: Foul Ball, location: 2F
1-2: SINGLE (Line Drive, 56)
Lorenzo Mota to second
Batting: LHB Chris Austin 0-0: Fly out, F9 (Flyball, 89M)
Bottom of the 7th over - 0 runs, 2 hits, 0 errors, 2 left on base; St. Louis 2 - San Francisco 3
TOP OF THE 8TH
St. Louis Browns batting - Pitching for San Francisco Bandits : RHP António Ramos
Batting: LHB Norberto Muńóz 0-0: Ball
1-0: Ball
2-0: Called Strike
2-1: Fly out, F4 (Line Drive, 4)
Batting: LHB Junior Coates 0-0: Ball
1-0: Swinging Strike
1-1: Ball
2-1: Ball
3-1: Base on Balls
Batting: LHB Juan Vásquez 0-0: Swinging Strike
0-1: Ball
1-1: Ball
2-1: Called Strike
2-2: Foul Ball, location: 2F
2-2: Strikes out looking
Batting: RHB Jeff Jones 0-0: Foul Ball, location: 2F
0-1: SINGLE (Line Drive, 78M)
Junior Coates to second
Batting: RHB Felipe Rodríguez 0-0: Foul Ball, location: 2F
0-1: Foul Ball, location: 2F
0-2: Ball
1-2: Ball
2-2: Strikes out swinging
Top of the 8th over - 0 runs, 1 hit, 0 errors, 2 left on base; St. Louis 2 - San Francisco 3
BOTTOM OF THE 8TH
San Francisco Bandits batting - Pitching for St. Louis Browns : LHP Jeff Sandusky
Pitching: RHP Huang Chen
Batting: RHB Owen Carter 0-0: Foul Ball, location: 2F
0-1: Foul Ball, location: 2F
0-2: Ball
1-2: Ball
2-2: Foul Ball, location: 2F
2-2: Ball
3-2: Ground out U3 (Groundball, 3)
Batting: SHB Terry Dailey 0-0: Ball
1-0: Foul Ball, location: 2F
1-1: Foul Ball, location: 2F
1-2: Ball
2-2: Strikes out swinging
Batting: RHB Michael Elliott 0-0: Ground out 3-1 (Groundball, 34S)
Bottom of the 8th over - 0 runs, 0 hits, 0 errors, 0 left on base; St. Louis 2 - San Francisco 3
TOP OF THE 9TH
St. Louis Browns batting - Pitching for San Francisco Bandits : RHP António Ramos
Batting: LHB Dave Watson 0-0: Called Strike
0-1: Ground out U3 (Groundball, 3S)
Batting: RHB Domingo Romero 0-0: Called Strike
0-1: Ball
1-1: Ground out 6-3 (Groundball, 6M)
Batting: RHB Pepe Carrasco 0-0: Ball
1-0: Ball
2-0: Called Strike
2-1: Ground out 4-3 (Groundball, 4)
Top of the 9th over - 0 runs, 0 hits, 0 errors, 0 left on base; St. Louis 2 - San Francisco 3
Saturday, April 7th, 2018 - OOTP Baseball 18.8 Build 76